 Dungeon Crawl Stone Soup version 0.31-a0-1570-g93c622d222 (webtiles) character file.

Game seed: 5334424238327929106

10852 browni3141 the Blocker (level 10, 0/77 HPs)
             Began as a Formicid Shapeshifter on Jan 3, 2024.
             Was a Priest of Ru.
             Slain by an acid dragon (10 damage)
             ... on level 11 of the Dungeon.
             The game lasted 00:33:18 (13989 turns).

browni3141 the Blocker (Formicid Shapeshifter)     Turns: 13989, Time: 00:33:18

Health: 0/77       AC:  7    Str: 18    XL:     10   Next: 0%
Magic:  17/17      EV: 13    Int: 11    God:    Ru [***...]
Gold:   429        SH: 10    Dex: 23    Spells: 12/19 levels left

rFire   + .          .
                       - Unarmed
rCold   . . .        K - +2 buckler
rNeg    . . .        D - +1 ring mail {rF+}
rPois   .            (helmet unavailable)
rElec   .            (cloak currently unavailable)
rCorr   .            (gloves currently unavailable)
SInv    +            (boots currently unavailable)
Will    +....        e - amulet of faith
Stlth   ++           k - +6 ring of dexterity
HPRegen 0.32/turn    (no ring)
MPRegen 0.15/turn

%: faith
@: beast-form, studying Shields
A: beast (slay +4), permanent stasis, dig shafts and tunnels, antennae 3,
inexperienced 2, four strong arms
a: Dig, Shaft Self, Begin Untransformation, Renounce Religion, Draw Out Power


You were on level 11 of the Dungeon.
You worshipped Ru.
Ru was most pleased with you.
You were a hulking beast.
You visited 2 branches of the dungeon, and saw 12 of its levels.

You collected 635 gold pieces.
You spent 206 gold pieces at shops.

Inventory:

Hand Weapons
 a - a +1 shortbow of freezing
Armour
 h - a +0 ring mail
 o - a +0 scale mail
 r - a +0 pair of boots
 u - a +0 animal skin
 D - a +1 ring mail of fire resistance (worn)
 K - a +2 buckler (worn)
Jewellery
 e - an amulet of faith (around neck)
 i - an amulet of the acrobat
 k - a +6 ring of dexterity (left hand)
 s - a ring of ice
Talismans
 b - a talisman of death
 c - a beast talisman (active)
 d - a flux talisman
Wands
 w - a wand of quicksilver (8)
 A - a wand of paralysis (16)
 G - a wand of digging (5)
Scrolls
 f - 2 scrolls of immolation
 l - 2 scrolls of vulnerability
 m - 3 scrolls of amnesia
 n - 3 scrolls of blinking
 p - 2 scrolls of brand weapon
 q - 3 scrolls of noise
 t - 4 scrolls of revelation
 y - 3 scrolls of enchant weapon
 C - 3 scrolls of teleportation
 F - 2 scrolls of fog
 M - 2 scrolls of enchant armour {unknown}
Potions
 g - a potion of enlightenment {unknown}
 j - 2 potions of degeneration
 x - a potion of brilliance {unknown}
 z - 2 potions of ambrosia {unknown}
 B - 3 potions of might
 E - a potion of cancellation {unknown}
 H - a potion of lignification
 I - 6 potions of curing
 J - a potion of magic {unknown}


   Skills:
 - Level 6.3 Fighting
 - Level 5.0 Armour
 - Level 4.1 Dodging
 - Level 4.0 Stealth
 - Level 12.0 Shields
 - Level 5.0 Unarmed Combat
 - Level 5.0 Spellcasting
 - Level 3.0 Conjurations
 - Level 2.0 Air Magic
 - Level 5.0 Earth Magic
 * Level 9.9 Alchemy
 - Level 5.0 Evocations
 - Level 7.0 Shapeshifting


You had 12 spell levels left.
You knew the following spells:

 Your Spells              Type           Power      Damage    Failure   Level
a - Mephitic Cloud        Conj/Alch/Air  13%        N/A       17%         3
b - Petrify               Alch/Erth      19%        N/A       21%         4

Your spell library contained the following spells:

 Spells                   Type           Power      Damage    Failure   Level
 Leda's Liquefaction      Alch/Erth      9%         N/A       21%         4
 Alistair's Intoxication  Alch           16%        N/A       21%         5
 Stone Arrow              Conj/Erth      22%        3d8       24%         3
 Apportation              Tloc           4%         N/A       38%         1
 Jinxbite                 Hex            4%         N/A       54%         2
 Dazzling Flash           Conj/Hex       12%        N/A       56%         3
 Frozen Ramparts          Ice            4%         1d1       77%         3
 Tukima's Dance           Hex            2%         N/A       77%         3
 Animate Armour           Summ/Erth      16%        N/A       83%         4
 Yara's Violent Unravell  Hex/Alch       6%         3d5       83%         5
 Iskenderun's Battlesphe  Conj           9%         2d6       98%         5
 Passage of Golubria      Tloc           2%         N/A       99%         4
 Curse of Agony           Necr           2%         N/A       100%        5
 Metabolic Englaciation   Hex/Ice        1%         N/A       100%        5
 Silence                  Hex/Air        2%         N/A       100%        5
 Bombard                  Conj/Erth      5%         9d2       100%        6
 Spellforged Servitor     Conj/Summ      3%         N/A       100%        7
 Lehudib's Crystal Spear  Conj/Erth      5%         10d3      100%        8


Dungeon Overview and Level Annotations

Branches:
Dungeon (11/15)            Temple (1/1) D:7            Lair (0/5) D:11
    Orc: D:9-12

Altars:
Ashenzari
Cheibriados
Dithmenos
Elyvilon
Fedhas
Gozag
Hepliaklqana
Kikubaaqudgha
Makhleb
Nemelex Xobeh
Okawaru
Qazlal
Ru
Sif Muna
Trog
Uskayaw
Vehumet
Wu Jian
Xom
Yredelemnul
Zin
The Shining One

Shops:
D:2 *[

Annotations:
D:3 1 runed translucent door, Crazy Yiuf


Innate Abilities, Weirdness & Mutations

You are a hulking beast.
Your limbs bulge with bestial killing power. (Slay +4)
You cannot be hasted, slowed, berserked, paralysed or teleported.
You can dig through walls and to a lower floor.
You have a pair of large antennae on your head. (SInv)
You are inexperienced. (-2 XL)
Your four strong arms can wield two-handed weapons with a shield.


Message History

The acid dragon bites you. You block the acid dragon's attack.
You closely miss the acid dragon.
The acid dragon is severely wounded.
The acid dragon spits acid at you. The splash of acid hits you!!
You hit the acid dragon.
The acid dragon is almost dead.
You block the acid dragon's attack. The acid dragon closely misses you.
You completely miss the acid dragon.
The acid dragon is almost dead.
The acid dragon bites you! The acid dragon closely misses you.
You are too injured to fight recklessly!
You are too injured to fight recklessly!
You are too injured to fight recklessly!
Aiming: Quicksilver Bolt
Press: ? - help, Shift-Dir - straight line, f/p - acid dragon
Aim: an acid dragon (almost dead, 74% to hit)
The bolt of dispelling energy misses the acid dragon.
The acid dragon is stunned by your conviction and fails to attack.
Unknown command.
Aiming: Quicksilver Bolt
Press: ? - help, Shift-Dir - straight line, f/p - acid dragon
Aim: an acid dragon (almost dead, 74% to hit)
The bolt of dispelling energy misses the acid dragon.
The acid dragon spits acid at you. The splash of acid hits you!!
* * * LOW HITPOINT WARNING * * *
Aiming: Quicksilver Bolt
Press: ? - help, Shift-Dir - straight line, f/p - acid dragon
Aim: an acid dragon (almost dead, catching its breath, 74% to hit)
The bolt of dispelling energy misses the acid dragon.
You are no longer corroded.
You block the acid dragon's attack. x2
Unknown command.
Aiming: Quicksilver Bolt
Press: ? - help, Shift-Dir - straight line, f/p - acid dragon
Aim: an acid dragon (almost dead, catching its breath, 74% to hit)
The bolt of dispelling energy misses the acid dragon.
The acid dragon bites you!
You die...

.# ######### .# #.#
#.D...... .### ##.#
######h#### .#.. ..(#
#.........# .#.# #..#
#.####.##.##
.#.###..###.###....>.# #
##.#.............##..##.#
##.#.#...##.####........#
..........#.#######..####
##.......##..........##
#######.## ########...#


You could see an acid dragon (catching breath).

Vanquished Creatures
  3 two-headed ogres (D:9)
  An orc knight (D:10)
  A cyclops (D:10)
  Jeremiah (D:9)
  A gargoyle (D:10)
  A komodo dragon (D:11)
  A kobold demonologist (D:9)
  3 trolls (D:9)
  Prince Ribbit (D:6)
  2 hornets
  A shadow (D:8)
  A centaur simulacrum (D:10)
  A wyvern (D:9)
  A yak (D:9)
  A wraith (D:10)
  A steam dragon (D:8)
  Menkaure (D:4)
  Edmund (D:5)
  2 acid dragons
  2 water moccasins (D:11)
  4 orc warriors
  A sky beast (D:6)
  An ice beast (D:6)
  4 black bears
  2 ogres
  7 centaurs
  A kobold brigand (D:9)
  5 bullfrogs
  A gnoll sergeant (D:9)
  4 wights
  13 killer bees
  7 howler monkeys
  2 bombardier beetles
  A hound (D:5)
  2 jellies (D:5)
  10 orc priests
  2 gnoll boudas
  An iguana (D:4)
  3 sleepcaps (D:6)
  Natasha (D:3)
  11 orc wizards
  Robin (D:3)
  10 gnolls
  6 adders
  A shadow imp (D:7)
  A white imp (D:5)
  A ribbon worm (D:3)
  A dart slug (D:2)
  37 orcs
  4 endoplasms
  7 giant cockroaches
  13 goblins
  6 hobgoblins
  3 jackals
  9 kobolds
  7 quokkas
  8 ball pythons
  6 bats
  4 frilled lizards (D:1)
  4 rats
239 creatures vanquished.

Vanquished Creatures (others)
  A troll (D:11)
  An ogre (D:6)
  A howler monkey (D:9)
3 creatures vanquished.

Grand Total: 242 creatures vanquished

Notes
Turn   | Place    | Note
-------+----------+-------------------------------------------
     0 | D:1      | browni3141 the Formicid Shapeshifter began the quest for
                  | the Orb.
     0 | D:1      | Reached XP level 1. HP: 15/15 MP: 1/1
   121 | D:1      | Reached XP level 2. HP: 17/21 MP: 2/2
   331 | D:1      | Reached XP level 3. HP: 24/26 MP: 3/3
   377 | D:1      | Reached skill level 1 in Armour
   828 | D:2      | Found Jiupn's Antique Armour Boutique.
   841 | D:2      | Reached XP level 4. HP: 27/33 MP: 4/4
   958 | D:2      | Found Wiajuyhu's Assorted Antiques.
  1092 | D:2      | Found a faded altar of an unknown god.
  1284 | D:3      | Reached skill level 1 in Shields
  1469 | D:2      | Bought a scroll labelled JARUAKEFRI for 28 gold pieces
  1469 | D:2      | Bought a scroll labelled JARUAKEFRI for 28 gold pieces
  1597 | D:3      | Noticed Robin
  1617 | D:3      | Killed Robin
  1618 | D:3      | Reached XP level 5. HP: 27/31 MP: 5/5
  1672 | D:3      | Noticed Natasha
  1677 | D:3      | Killed Natasha
  1678 | D:3      | Reached skill level 2 in Shields
  1991 | D:3      | Found a hide-covered altar of Uskayaw.
  1994 | D:3      | Found a hazy altar of Hepliaklqana.
  1997 | D:3      | Found a shimmering blue altar of Sif Muna.
  1998 | D:3      | Found a sacrificial altar of Ru.
  2001 | D:3      | Found a glowing golden altar of the Shining One.
  2002 | D:3      | Found a basalt altar of Yredelemnul.
  2010 | D:3      | Became a worshipper of Ru the Awakened
  2197 | D:3      | Found a runed translucent door.
  2198 | D:3      | Noticed Crazy Yiuf
  2392 | D:4      | Reached skill level 3 in Shields
  2536 | D:4      | Noticed an ogre
  2542 | D:4      | Killed an ogre
  2543 | D:4      | Reached skill level 4 in Shields
  2543 | D:4      | Reached XP level 6. HP: 46/47 MP: 6/6
  2766 | D:4      | Noticed Menkaure
  2767 | D:4      | Noticed a black bear
  2770 | D:4      | Killed Menkaure
  2771 | D:4      | Reached XP level 7. HP: 52/52 MP: 7/7
  2866 | D:4      | Identified the +2 spear "Syzesueh" {flame, *Corrode rPois
                  | MP+9 Str+3}
  3114 | D:4      | Found a sparkling altar of Nemelex Xobeh.
  3382 | D:5      | Entered Level 5 of the Dungeon
  3391 | D:5      | Noticed Edmund
  3421 | D:5      | Killed Edmund
  3422 | D:5      | Reached skill level 5 in Armour
  3422 | D:5      | Reached skill level 1 in Evocations
  3606 | D:5      | Reached XP level 8. HP: 55/58 MP: 8/8
  3760 | D:5      | Learned a level 3 spell: Mephitic Cloud
  3765 | D:5      | Learned a level 4 spell: Petrify
  3905 | D:5      | Reached skill level 1 in Alchemy
  3924 | D:5      | Gained mutation: You are somewhat inexperienced. (-1 XL)
                  | [Ru sacrifice]
  3924 | D:5      | Reached XP level 7. HP: 52/52 MP: 7/7
  3924 | D:5      | Reached * piety under Ru
  3975 | D:5      | Reached skill level 1 in Earth Magic
  4573 | D:6      | Noticed Prince Ribbit
  4597 | D:6      | Killed Prince Ribbit
  4785 | D:6      | Reached XP level 8. HP: 54/60 MP: 8/8
  5118 | D:6      | Reached skill level 5 in Shapeshifting
  5735 | D:7      | Reached skill level 5 in Fighting
  5736 | D:7      | Found a staircase to the Ecumenical Temple.
  5840 | D:7      | Noticed a hornet
  5848 | D:7      | Killed a hornet
  5849 | D:7      | Reached skill level 5 in Alchemy
  5940 | D:6      | Gained mutation: You are inexperienced. (-2 XL) [Ru
                  | sacrifice]
  5940 | D:6      | Reached XP level 7. HP: 30/57 MP: 7/7
  5940 | D:6      | Reached ** piety under Ru
  5940 | D:6      | Reached *** piety under Ru
  6529 | D:7      | Found a staircase to the Ecumenical Temple.
  6565 | D:7      | Reached skill level 5 in Unarmed Combat
  6632 | Temple   | Entered the Ecumenical Temple
  6751 | D:2      | Bought a runed buckler for 150 gold pieces
  6989 | D:8      | Reached XP level 8. HP: 64/65 MP: 8/8
  7192 | D:8      | Reached skill level 1 in Spellcasting
  7239 | D:8      | Reached skill level 5 in Shields
  7449 | D:8      | Reached skill level 1 in Conjurations
  7547 | D:8      | Reached skill level 1 in Air Magic
  7608 | D:8      | Reached skill level 6 in Shields
  8187 | D:9      | Found a bloodstained altar of Trog.
  8219 | D:9      | Noticed a two-headed ogre
  8289 | D:9      | Noticed a two-headed ogre
  8363 | D:9      | Noticed a kobold demonologist
  8516 | D:9      | Killed a kobold demonologist
  8680 | D:9      | Reached skill level 7 in Shields
  8911 | D:9      | Reached skill level 5 in Earth Magic
  9170 | D:9      | Reached skill level 8 in Shields
  9212 | D:9      | Noticed a two-headed ogre
  9381 | D:9      | Reached XP level 9. HP: 35/70 MP: 14/14
  9524 | D:9      | Noticed Jeremiah
  9881 | D:9      | Killed a two-headed ogre
 10065 | D:9      | Killed Jeremiah
 10066 | D:9      | Reached skill level 9 in Shields
 10465 | D:9      | Killed a two-headed ogre
 10528 | D:9      | Found a bloodstained altar of Trog.
 10824 | D:9      | Killed a two-headed ogre
 10825 | D:9      | Reached skill level 10 in Shields
 10825 | D:9      | Reached skill level 5 in Spellcasting
 11153 | D:10     | Entered Level 10 of the Dungeon
 11167 | D:10     | Noticed an orc knight
 11574 | D:10     | Reached skill level 5 in Evocations
 11913 | D:10     | Noticed a cyclops
 12081 | D:9      | Reached skill level 1 in Stealth
 12314 | D:10     | Killed a cyclops
 12584 | D:10     | Reached skill level 11 in Shields
 12665 | D:10     | Killed an orc knight
 13329 | D:11     | Noticed a two-headed ogre
 13658 | D:11     | Found a staircase to the Lair.
 13741 | D:11     | Reached skill level 12 in Shields
 13943 | D:11     | Reached XP level 10. HP: 76/77 MP: 17/17
 13989 | D:11     | Slain by an acid dragon

Illustrated notes

Levels and vault maps discovered:
D:1:      orjb1_lava_funnel, layout_basic
D:2:      layout_basic, shapermc_ecumenical_altar_flowoftime, serial_shops,
          nicolae_diamond_shop, shop
D:3:      layout_loops_ring, minitemple, uniq_natasha, uniq_crazy_yiuf_cottage,
          uniq_robin
D:4:      layout_basic, kennysheep_little_box, minmay_starry_boxes,
          uniq_menkaure
D:5:      layout_rooms, minmay_misc_feat_doors, uniq_edmund
D:6:      layout_basic, nicolae_hexahallways, minmay_misc_feat_iff,
          hellmonk_no_cap, uniq_prince_ribbit1
D:7:      layout_rooms, minmay_temple_entry_trees
D:8:      layout_gridville
D:9:      minmay_recursive_quarters, layout_basic, mainiacjoe_overflow_paths,
          hangedman_abyss_or_decor_clamps, uniq_jeremiah
D:10:     minmay_cornered_nines, layout_basic, kennysheep_path_1
D:11:     layout_loops_corners, due_lair_maze_entry_diamond
Temple:   eino_narrow_crystal_temple

Skill      XL: |  1  2  3  4  5  6  7  8  9 |
---------------+----------------------------+-----
Dodging        | 2 3 4 |  4.1
Armour         | 1 2 3 5 |  5.0
Fighting       | 2 3 6 5 |  6.3
Shields        | 1 4 8 12 | 12.0
Evocations     | 3 5 |  5.0
Shapeshifting  | 7 |  7.0
Alchemy        | 3 7 9 |  9.9
Earth Magic    | 2 5 |  5.0
Unarmed Combat | 5 |  5.0
Spellcasting   | 3 5 |  5.0
Conjurations   | 2 3 |  3.0
Air Magic      | 2 |  2.0
Stealth        | 4 |  4.0

Action                     |  1- 3 |  4- 6 |  7- 9 | 10-12 || total
---------------------------+-------+-------+-------+-------++-------
  Melee: Unarmed           |    90 |   115 |   636 |     5 ||   846
         Punch             |     3 |       |       |       ||     3
   Fire: Sling             |       |    28 |   198 |       ||   226
         Shortbow          |       |       |   115 |     6 ||   121
  Throw: Dart              |     1 |     1 |     8 |       ||    10
         Throwing net      |       |       |     2 |       ||     2
   Cast: Mephitic Cloud    |       |       |    12 |       ||    12
         Petrify           |       |       |    14 |       ||    14
 Invoke: Sacrifice Experie |       |       |     2 |       ||     2
         Draw Out Power    |       |       |     6 |       ||     6
         Reject Sacrifices |       |       |     2 |       ||     2
Ability: Dig               |       |     1 |     7 |       ||     8
  Evoke: Wand              |       |       |    14 |     4 ||    18
    Use: Scroll            |       |     8 |     5 |       ||    13
         Potion            |       |     2 |     3 |       ||     5
   Stab: Paralysed         |       |       |    22 |       ||    22
         Distracted        |       |       |     2 |       ||     2
         Petrified         |       |       |    31 |       ||    31
         Petrifying        |       |       |     6 |       ||     6
         Invisible         |       |       |     4 |       ||     4
         Confused          |       |       |     3 |       ||     3
         Held in net/web   |       |       |     2 |       ||     2
 Armour: Animal skin       |     6 |       |       |       ||     6
         Ring mail         |    29 |     2 |   268 |     6 ||   305
         Scale mail        |       |    70 |    55 |       ||   125
         Skin              |       |       |     5 |       ||     5
  Dodge: Dodged            |    47 |    52 |   305 |     2 ||   406
  Block: Buckler           |       |    24 |   248 |     6 ||   278
   Form: Beast             |       |       |     1 |       ||     1
         Flux              |       |       |     1 |       ||     1

Table legend: (Time is in decaauts)
 A = Elapsed time spent in this place.
 B = Non-inter-level travel time spent in this place.
 C = Inter-level travel time spent in this place.
 D = Time resting spent in this place.
 E = Time spent auto-exploring this place.
 F = Levels seen in this place.
 G = Mean time per level.
                   A        B        C        D        E       F      G
               +--------+--------+--------+--------+--------+-----+--------+
         Total |  14079 |  13213 |    866 |    934 |   9126 |  12 | 1173.2 |
       Dungeon |  14077 |  13211 |    866 |    934 |   9126 |  11 | 1279.7 |
        Temple |      1 |      1 |      0 |      0 |      0 |   1 |    1.0 |
               +--------+--------+--------+--------+--------+-----+--------+

Top non-repeatable levels by time:
     D:9: 3085 daAuts
     D:6: 1692 daAuts
    D:10: 1669 daAuts
     D:8: 1565 daAuts
     D:3: 1111 daAuts
     D:4: 1084 daAuts
     D:5: 870 daAuts
     D:7: 861 daAuts
     D:1: 799 daAuts
    D:11: 791 daAuts
     D:2: 545 daAuts
  Temple: 1 daAuts
